 Dungeon Crawl Stone Soup version 0.30-a0-1002-ga41ad49a19 (webtiles) character file.

Game seed: 13449113425314187087

5 Imforgetfull the Trooper (level 1, -1/18 HPs)
             Began as a Human Fighter on Apr 5, 2023.
             Slain by a goblin
             ... wielding a +0 club
              (3 damage)
             ... on level 1 of the Dungeon.
             The game lasted 00:00:54 (203 turns).

Imforgetfull the Trooper (Human Fighter)             Turns: 203, Time: 00:00:54

Health: -1/18      AC:  6    Str: 16    XL:     1   Next: 88%
Magic:  1/1        EV:  8    Int:  8    God:
Gold:   0          SH:  4    Dex: 12    Spells: 0/0 levels left

rFire   . . .      SeeInvis .    a - +0 long sword
rCold   . . .      Faith    .    c - +0 buckler
rNeg    . . .      Spirit   .    b - +0 scale mail
rPois   .          Reflect  .    (no helmet)
rElec   .          Rampage  .    (no cloak)
rCorr   .                        (no gloves)
Will    .....                    (no boots) Stlth
                                 (no amulet)
HPRegen 0.23/turn                (no ring)
MPRegen 0.07/turn                (no ring)

@: very slow
A: no striking features
a: no special abilities


You were on level 1 of the Dungeon.
You visited 1 branch of the dungeon, and saw 1 of its levels.

Inventory:

Hand Weapons
 a - a +0 long sword (weapon)
Armour
 b - a +0 scale mail (worn)
 c - a +0 buckler (worn)
Scrolls
 e - a scroll of identify {unknown}
Potions
 d - a potion of might


   Skills:
 + Level 3.1 Fighting
 + Level 2.0 Long Blades
 + Level 3.1 Armour
 + Level 3.0 Shields


You couldn't memorise any spells.
You didn't know any spells.
Your spell library was empty.

Dungeon Overview and Level Annotations

Branches:
Dungeon (1/15)

Altars:


Message History

The frilled lizard barely misses you.
You hit the frilled lizard but do no damage.
The frilled lizard is heavily wounded.
The frilled lizard bites you but does no damage. x2
You closely miss the frilled lizard.
The frilled lizard is heavily wounded.
The frilled lizard bites you but does no damage.
You hit the frilled lizard.
You kill the frilled lizard!
A quokka comes into view.
You enter the shallow water.
Moving in this stuff is going to be slow.
There are no items here.
The quokka twitches its whiskers.
You enter the shallow water.
Moving in this stuff is going to be slow.
A goblin comes into view. It is wielding a +0 club.
The goblin shouts!
You barely miss the quokka. You block the quokka's attack.
A hobgoblin comes into view.
The quokka splashes around in the water.
You barely miss the quokka.
The hobgoblin shouts!
You hear a shout!
The quokka bites you but does no damage.
The quokka bites you.
Your unstable footing causes you to fumble your attack.
The quokka splashes around in the water.
Your unstable footing causes you to fumble your attack.
The quokka splashes around in the water.
The quokka bites you.
You closely miss the quokka. The goblin hits you but does no damage.
The quokka bites you. You block the goblin's attack. The quokka bites you.
You closely miss the quokka. The quokka bites you.
* * * LOW HITPOINT WARNING * * *
The goblin hits you with a +0 club.
* * * LOW HITPOINT WARNING * * *
You closely miss the quokka. You block the quokka's attack.
The hobgoblin hits you but does no damage.
The goblin hits you with a +0 club.
You die...

#####
..#..#......####..8....
........#........#......
#.............†..#...8..
#.........##.....##.....
#............######.#...
#.........#### #.###.
...#......####### .# .
......gg.........
.....~~@r........
.....~~~~8.......
.....~~~~........
.................
.................
...........#.....
.................
................


You could see a quokka, a hobgoblin and a goblin.

Vanquished Creatures
  2 quokkas (D:1)
  A ball python (D:1)
  3 frilled lizards (D:1)
6 creatures vanquished.

Notes
Turn   | Place    | Note
-------+----------+-------------------------------------------
     0 | D:1      | Imforgetfull the Human Fighter began the quest for the Orb.
     0 | D:1      | Reached XP level 1. HP: 18/18 MP: 1/1
   203 | D:1      | Slain by a goblin

Illustrated notes

Levels and vault maps discovered:
D:1:      dpeg_arrival_water_fire, layout_basic, serial_park_tiny_pond,
          minmay_misc_feat_plants

Action                     || total
---------------------------++-------
  Melee: Long sword        ||    29
 Armour: Scale mail        ||    15
  Dodge: Dodged            ||     9
  Block: Buckler           ||     5

Table legend: (Time is in decaauts)
 A = Elapsed time spent in this place.
 B = Non-inter-level travel time spent in this place.
 C = Inter-level travel time spent in this place.
 D = Time resting spent in this place.
 E = Time spent auto-exploring this place.
 F = Levels seen in this place.
 G = Mean time per level.
                   A        B        C        D        E       F      G
               +--------+--------+--------+--------+--------+-----+--------+
         Total |    214 |    214 |      0 |      0 |    128 |   1 |  214.0 |
       Dungeon |    214 |    214 |      0 |      0 |    128 |   1 |  214.0 |
               +--------+--------+--------+--------+--------+-----+--------+

Top non-repeatable levels by time:
     D:1: 214 daAuts
